 Dungeon Crawl Stone Soup version 0.32-a0-433-g08bcfe7efd (webtiles) character file.

Game seed: 11052076588823557407

120664 inmateoo the Fencer (level 16, -6/241 HPs)
             Began as a Minotaur Fighter on Feb 22, 2024.
             Was the Champion of Makhleb.
             Mangled by a vampire knight
             ... wielding a +0 glaive
              (10 damage)
             ... on level 1 of the Depths.
             The game lasted 00:26:45 (22275 turns).

inmateoo the Fencer (Minotaur Fighter)             Turns: 22275, Time: 00:26:46

Health: -6/241     AC: 24    Str: 23    XL:     16   Next: 30%
Magic:  0/22       EV: 14    Int:  5    God:    Makhleb [******]
Gold:   1865       SH: 13    Dex: 16    Spells: 15/15 levels left

rFire   + + .        L - +10 falchion "Dragon's Tongue" {heavy, rElec}
rCold   . . .        h - +0 kite shield
rNeg    . . .        a - +7 chain mail of Grottiness {Fly rF+}
rPois   .            (helmet unavailable)
rElec   +            v - +1 cloak
rCorr   .            e - +0 pair of gloves
SInv    .            (no boots)
Will    .....        g - amulet of guardian spirit Stlth
                     M - ring of protection from fire
HPRegen 0.60/turn    t - +4 ring of slaying
MPRegen 0.18/turn

%: guardian spirit
@: berserking, weak-willed, flying, very quick
A: horns 3, retaliatory headbutt, fangs 1, robust 1
a: Renounce Religion, Minor Destruction, Lesser Servant of Makhleb, Major
Destruction, Greater Servant of Makhleb


You were on level 1 of the Depths.
You worshipped Makhleb.
Makhleb was exalted by your worship.
You visited 5 branches of the dungeon, and saw 24 of its levels.

You collected 2110 gold pieces.
You spent 245 gold pieces at shops.

Inventory:

Hand Weapons
 L - the +10 falchion "Dragon's Tongue" (weapon) {heavy, rElec}
   (You found it on level 14 of the Dungeon)

   rElec:     It insulates you from electricity.
 X - the +6 trident "Biakuip" {spect, rF++ Str+6 Int-3}
   (You found it on level 5 of the Lair of Beasts)

   Str+6:     It affects your strength (+6).
   Int-3:     It affects your intelligence (-3).
   rF++:      It greatly protects you from fire.
Missiles
 K - 4 throwing nets (quivered)
Armour
 a - the +7 chain mail of Grottiness (worn) {Fly rF+}
   (You found it on level 14 of the Dungeon)

   rF+:       It protects you from fire.
   Fly:       It grants you flight.
 e - a +0 pair of gloves (worn)
 h - a +0 kite shield (worn)
 o - a +0 tower shield
 v - a +1 cloak (worn)
 G - a +2 plate armour of willpower
 O - a +2 hat
Jewellery
 c - the ring "Qicis" {Fire +Blink rElec Int+3 Stlth-}
   (You found it on level 2 of the Orcish Mines)

   [ring of fire]

   Fire:      It enhances your fire magic.
   Int+3:     It affects your intelligence (+3).
   rF+:       It protects you from fire.
   rC-:       It makes you vulnerable to cold.
   rElec:     It insulates you from electricity.
   +Blink:    It lets you blink.
   Stlth-:    It makes you less stealthy.
 g - an amulet of guardian spirit (around neck)
 q - a ring of see invisible
 r - a ring of flight
 t - a +4 ring of slaying (right hand)
 w - a ring of willpower
 M - a ring of protection from fire (left hand)
 T - the ring "Houtetul" {Ice Dex+4}
   (You found it on level 12 of the Dungeon)

   [ring of ice]

   Ice:       It enhances your ice magic.
   Dex+4:     It affects your dexterity (+4).
   rF-:       It makes you vulnerable to fire.
   rC+:       It protects you from cold.
Wands
 u - a wand of quicksilver (11)
 A - a wand of flame (63)
 D - a wand of mindburst (27)
 E - a wand of iceblast (17)
 H - a wand of digging (13)
 S - a wand of paralysis (3)
Scrolls
 i - 2 scrolls of immolation
 y - 8 scrolls of teleportation
 z - a scroll of fear
 C - a scroll of enchant weapon
 F - 6 scrolls of revelation
 I - 2 scrolls of vulnerability
 P - 3 scrolls of amnesia
 Q - 2 scrolls of enchant armour
 R - 14 scrolls of identify
 W - 3 scrolls of poison
Potions
 b - a potion of invisibility
 d - 5 potions of might
 f - 11 potions of curing
 j - 2 potions of brilliance
 k - 2 potions of magic
 l - 2 potions of lignification
 m - 2 potions of enlightenment
 n - 6 potions of heal wounds
 p - 5 potions of attraction
 s - 5 potions of haste
 x - a potion of ambrosia
 B - 6 potions of resistance
Miscellaneous
 V - a lightning rod (1/4)


   Skills:
 + Level 14.4 Fighting
 * Level 19.1 Long Blades
 + Level 4.8 Polearms
 + Level 14.4 Armour
 + Level 12.5 Dodging
 + Level 14.1 Shields
 + Level 10.0 Invocations


You had 15 spell levels left.
You didn't know any spells.
Your spell library contained the following spells:

 Spells                   Type           Power      Damage    Failure   Level
 Apportation              Tloc           0%         N/A       97%         1
 Kiss of Death            Conj/Necr      0%         2d5       97%         1
 Necrotise                Necr           0%         1d4       97%         1
 Shock                    Conj/Air       0%         1d3       97%         1
 Slow                     Hex            0%         N/A       97%         1
 Ensorcelled Hibernation  Hex/Ice        0%         N/A       99%         2
 Jinxbite                 Hex            0%         N/A       99%         2
 Lesser Beckoning         Tloc           0%         N/A       99%         2
 Mercury Vapours          Alch/Air       0%         N/A       99%         2
 Confusing Touch          Hex            0%         N/A       100%        3
 Fugue of the Fallen      Necr           0%         N/A       100%        3
 Gell's Gravitas          Tloc           0%         N/A       100%        3
 Mephitic Cloud           Conj/Alch/Air  0%         N/A       100%        3
 Ozocubu's Armour         Ice            0%         N/A       100%        3
 Passwall                 Erth           0%         N/A       100%        3
 Sigil of Binding         Hex            0%         N/A       100%        3
 Stone Arrow              Conj/Erth      0%         3d7       100%        3
 Summon Ice Beast         Ice/Summ       0%         N/A       100%        3
 Swiftness                Air            0%         N/A       100%        3
 Teleport Other           Tloc           0%         N/A       100%        3
 Tukima's Dance           Hex            0%         N/A       100%        3
 Vampiric Draining        Necr           0%         2d6       100%        3
 Airstrike                Air            0%         2d(0-16)  100%        4
 Anguish                  Hex/Necr       0%         N/A       100%        4
 Dispel Undead            Necr           0%         3d6       100%        4
 Manifold Assault         Tloc           0%         N/A       100%        4
 Martyr's Knell           Necr/Summ      0%         N/A       100%        4
 Passage of Golubria      Tloc           0%         N/A       100%        4
 Petrify                  Alch/Erth      0%         N/A       100%        4
 Sticky Flame             Fire/Alch      0%         2d4       100%        4
 Vhi's Electric Charge    Tloc/Air       0%         N/A       100%        4
 Alistair's Intoxication  Alch           0%         N/A       100%        5
 Borgnjor's Vile Clutch   Necr/Erth      0%         N/A       100%        5
 Curse of Agony           Necr           0%         N/A       100%        5
 Freezing Cloud           Conj/Ice/Air   0%         6-21      100%        5
 Lee's Rapid Deconstruct  Erth           0%         3d4*      100%        5
 Metabolic Englaciation   Hex/Ice        0%         N/A       100%        5
 Summon Mana Viper        Hex/Summ       0%         N/A       100%        5
 Yara's Violent Unravell  Hex/Alch       0%         3d3       100%        5
 Eringya's Noxious Bog    Alch           0%         4d6       100%        6
 Plasma Beam              Fire/Air       0%         2x1d10    100%        6
 Sculpt Simulacrum        Ice/Alch       0%         N/A       100%        6
 Monstrous Menagerie      Summ           0%         N/A       100%        7


Dungeon Overview and Level Annotations

Branches:
Dungeon (15/15)            Temple (1/1) D:7            Lair (5/5) D:10
 Shoals (0/4) Lair:3        Snake (0/4) Lair:3        Slime (0/5) Lair:5
    Orc (2/2) D:12            Elf (0/3) Orc:2        Vaults (0/5) D:13
 Depths (1/4) D:15

Altars:
Ashenzari
Cheibriados
Dithmenos
Elyvilon
Fedhas
Gozag
Hepliaklqana
Kikubaaqudgha
Makhleb
Nemelex Xobeh
Okawaru
Qazlal
Ru
Sif Muna
Trog
Uskayaw
Vehumet
Wu Jian
Xom
Yredelemnul
Zin
The Shining One
Beogh
Jiyva

Shops:
D:1 =   D:8 =   D:13 :   Orc:1 (   Orc:2 [[?:   Depths:1 [[

Annotations:
D:5 FlatIsJustice's ghost, novice FoFi
D:8 3 runed translucent doors, FlatIsJustice's ghost, novice FoFi


Innate Abilities, Weirdness & Mutations

You have a pair of large horns on your head.
You reflexively headbutt those who attack you in melee.
You have very sharp teeth.
You are robust. (+10% HP)


Message History

Something bites you but does no damage.
You slice something!! You headbutt something! You bite something.
Something hits you but does no damage. Something bites you but does no damage.
You closely miss something. Your headbutt misses something. You bite something.
You hear some strange, mumbled words.
You suddenly lose the ability to move!
Something draws life force from you!! Something hits you!! Something bites you!
Something draws strength from your injuries!
Something hits you!
* * * LOW HITPOINT WARNING * * *
Something bites you but does no damage. Something hits you!!
* * * LOW HITPOINT WARNING * * *
Something bites you but does no damage. Something hits you.
* * * LOW HITPOINT WARNING * * *
Something bites you but does no damage.
You can move again.
Unknown command.
You feel better. Something hits you!
* * * LOW HITPOINT WARNING * * *
Something bites you but does no damage.
You feel much better. Something hits you!
* * * LOW HITPOINT WARNING * * *
Something bites you!
* * * LOW HITPOINT WARNING * * *
Something draws strength from your injuries!
A red film seems to cover your vision as you go berserk!
You feel yourself moving faster!
You feel mighty! Something hits you!
* * * LOW HITPOINT WARNING * * *
Something bites you but does no damage.
You hit something. You headbutt something! Something draws life force from you.
* * * LOW HITPOINT WARNING * * *
You slice something!! You headbutt something. You bite something!
You slash something! Something hits you!!
* * * LOW HITPOINT WARNING * * *
Something bites you but does no damage.
You completely miss something. You bite something. Something hits you!
You die...

#........#
########........#
.......#........#
#..###.#........#
....##.#...:....#
#.#....#........#
.##.##.'.....^..#
###.####........###
#.# ###......@.#
#.# #.§§≈§≈{(# #.#
#.≈###§..# #.# #.§#
#≈..'. #.# #.§#
#≈..#. #. #§..#..
≈≈>.# .# ....# .#


There were no monsters in sight!

Vanquished Creatures
  Jorgrun (D:14)
  Frances (D:13)
  3 orc warlords (Orc:2)
  4 stone giants (Depths:1)
  7 very ugly things (Depths:1)
  3 ettins (Depths:1)
  4 spark wasps
  Snorg (D:13)
  An ogre mage (D:13)
  Harold (Lair:2)
  A rakshasa (Depths:1)
  A sphinx zombie (D:15)
  3 hydras
  Erolcha (D:9)
  5 centaur warriors
  A death knight (D:15)
  4 boulder beetles
  4 orc high priests (Orc:2)
  3 tengu warriors
  A deep troll shaman (Depths:1)
  A merfolk avatar (Lair:5)
  5 two-headed ogres
  A vampire mage (D:15)
  An occultist (D:15)
  2 skysharks (Lair:5)
  5 skeletal warriors
  An iron troll (Depths:1)
  A spark wasp zombie (D:15)
  Amaemon (D:10)
  A sea snake (Lair:5)
  A lindwurm (Lair:4)
  3 orc knights (Orc:2)
  3 deep trolls
  2 phantasmal warriors (Depths:1)
  A harpy (Lair:5)
  A necromancer (D:15)
  A harpy (shapeshifter) (D:15)
  5 orc sorcerers (Orc:2)
  2 deep elf pyromancers
  3 manticores
  A wolf spider (D:15)
  2 cyclopes
  A salamander (Lair:3)
  8 ugly things
  Maurice (D:7)
  20 elephants
  5 kobold blastminers
  A black mamba (Lair:4)
  A gargoyle (D:10)
  19 cane toads
  An orange demon (Lair:1)
  2 torpor snails
  An unseen horror (D:11)
  A freezing wraith (D:15)
  3 rime drakes (Lair:3)
  19 komodo dragons
  3 tengu conjurers
  5 polar bears
  7 trolls
  24 blink frogs
  A wind drake (Lair:5)
  2 hornets
  2 snapping turtles
  A spriggan zombie (D:15)
  12 dream sheep
  9 slime creatures
  2 shadows
  3 water elementals
  67 yaks
  4 wraiths
  8 wyverns
  6 basilisks
  4 wargs
  Eustachio (D:6)
  13 vampire mosquitoes
  A naga (Lair:3)
  An acid dragon (D:11)
  15 water moccasins
  41 orc warriors
  A sky beast (D:7)
  2 laughing skulls (D:13)
  5 black bears
  A tengu (shapeshifter) (D:14)
  9 ogres
  8 centaurs
  13 wolves
  A boggart (D:15)
  A kobold brigand (D:9)
  13 bullfrogs
  A scorpion (D:7)
  A gnoll sergeant (D:10)
  A wyvern zombie (D:5)
  23 wights
  4 howler monkeys
  4 hounds
  4 jellies
  23 orc priests
  2 sleepcaps
  7 iguanas
  19 orc wizards
  4 hell rats (Lair:5)
  Terence (D:2)
  4 gnolls
  2 adders
  A shadow imp (D:8)
  2 white imps
  4 ufetubi (D:6)
  3 dart slugs
  A ribbon worm (D:2)
  95 orcs
  9 bats
  5 endoplasms
  4 giant cockroaches
  12 goblins
  7 hobgoblins
  11 jackals
  7 quokkas
  4 ball pythons
  4 frilled lizards
  13 kobolds
  3 rats
748 creatures vanquished.

Notes
Turn   | Place    | Note
-------+----------+-------------------------------------------
     0 | D:1      | inmateoo the Minotaur Fighter began the quest for the Orb.
     0 | D:1      | Reached XP level 1. HP: 19/19 MP: 0/0
    59 | D:1      | Found Pezo's Jewellery Shop.
   116 | D:1      | Reached XP level 2. HP: 27/27 MP: 1/1
   198 | D:1      | Found a faded altar of an unknown god.
   203 | D:1      | Reached skill level 3 in Long Blades
   327 | D:1      | Reached XP level 3. HP: 31/33 MP: 2/2
   415 | D:1      | Reached skill level 1 in Dodging
   947 | D:2      | Reached XP level 4. HP: 38/40 MP: 3/3
  1002 | D:2      | Noticed Terence
  1008 | D:2      | Killed Terence
  1018 | D:2      | Reached skill level 4 in Long Blades
  1493 | D:3      | Identified the +7 falchion of Edyp {pain, Will++ Stlth+}
  1640 | D:3      | Noticed a black bear
  1647 | D:3      | Killed a black bear
  1648 | D:3      | Reached XP level 5. HP: 43/47 MP: 2/4
  1974 | D:4      | Reached skill level 5 in Long Blades
  1974 | D:4      | Reached XP level 6. HP: 31/55 MP: 2/5
  1981 | D:4      | Reached skill level 5 in Fighting
  1983 | D:4      | Reached skill level 5 in Shields
  2130 | D:4      | Reached skill level 5 in Armour
  2538 | D:4      | Reached XP level 7. HP: 48/61 MP: 4/6
  2838 | D:5      | Entered Level 5 of the Dungeon
  2893 | D:5      | Reached skill level 6 in Long Blades
  3095 | D:5      | Found a transporter.
  3099 | D:5      | Noticed FlatIsJustice's ghost (novice FoFi)
  3125 | D:5      | Found a transporter.
  3270 | D:6      | Noticed a yak
  3270 | D:6      | Noticed a yak
  3270 | D:6      | Noticed a yak
  3270 | D:6      | Noticed a yak
  3270 | D:6      | Noticed a yak
  3270 | D:6      | Noticed a yak
  3284 | D:5      | Killed a yak
  3290 | D:5      | Killed a yak
  3291 | D:5      | Reached skill level 7 in Long Blades
  3291 | D:5      | Reached XP level 8. HP: 26/70 MP: 4/7
  3469 | D:6      | Found an ornate altar of the Wu Jian Council.
  3474 | D:6      | Noticed a spectral centipede
  3474 | D:6      | Noticed a spectral black mamba
  3551 | D:6      | Reached skill level 8 in Long Blades
  3563 | D:6      | Reached XP level 9. HP: 67/78 MP: 6/8
  3628 | D:6      | Found a broken altar of Ashenzari.
  3638 | D:6      | Noticed Eustachio
  3647 | D:6      | Killed Eustachio
  3648 | D:6      | Reached skill level 5 in Dodging
  4065 | D:7      | Reached skill level 9 in Long Blades
  4072 | D:7      | Found a staircase to the Ecumenical Temple.
  4139 | Temple   | Entered the Ecumenical Temple
  4147 | Temple   | Became a worshipper of Makhleb the Destroyer
  4268 | D:7      | Noticed Maurice
  4285 | D:7      | Killed Maurice
  4678 | D:7      | Reached * piety under Makhleb
  4702 | D:7      | Reached skill level 10 in Long Blades
  4913 | D:8      | Found a runed translucent gate.
  4913 | D:8      | Found a runed translucent gate.
  4913 | D:8      | Found a runed translucent gate.
  4914 | D:8      | Noticed FlatIsJustice's ghost (novice FoFi)
  4919 | D:8      | Noticed a kobold demonologist
  5077 | D:8      | Reached XP level 10. HP: 80/88 MP: 7/9
  5217 | D:8      | Found Renaghez's Jewellery Shop.
  5597 | D:9      | Reached skill level 1 in Invocations
  5658 | D:9      | Noticed Erolcha
  5660 | D:9      | Found a stormy altar of Qazlal.
  5733 | D:9      | Reached ** piety under Makhleb
  5738 | D:9      | Reached skill level 11 in Long Blades
  5751 | D:9      | Killed Erolcha
  6598 | D:10     | Entered Level 10 of the Dungeon
  6687 | D:10     | Noticed a gargoyle
  6696 | D:10     | Killed a gargoyle
  6722 | D:10     | Noticed a two-headed ogre
  6845 | D:9      | Killed a two-headed ogre
  6846 | D:9      | Reached XP level 11. HP: 41/97 MP: 5/12
  6852 | D:9      | Reached skill level 12 in Long Blades
  7066 | D:10     | Found a staircase to the Lair.
  7100 | D:10     | Reached *** piety under Makhleb
  7944 | D:12     | Noticed a boulder beetle
  7977 | D:12     | Killed a boulder beetle
  7996 | D:12     | Noticed a deep elf pyromancer
  8000 | D:12     | Killed a deep elf pyromancer
  8331 | D:11     | Reached skill level 13 in Long Blades
  8370 | D:12     | Reached skill level 10 in Fighting
  8433 | D:12     | Found a staircase to the Orcish Mines.
  8497 | D:12     | Reached skill level 10 in Armour
  8588 | D:12     | Identified the ring "Houtetul" {Ice Dex+4}
  9080 | D:13     | Noticed Frances
  9103 | D:13     | Killed Frances
  9104 | D:13     | Reached skill level 10 in Shields
  9104 | D:13     | Reached XP level 12. HP: 106/106 MP: 11/14
  9177 | D:13     | Noticed a two-headed ogre
  9177 | D:13     | Noticed an ogre mage
  9189 | D:13     | Killed an ogre mage
  9190 | D:13     | Reached skill level 5 in Invocations
  9194 | D:13     | Killed a two-headed ogre
  9242 | D:13     | Found a gate to the Vaults.
  9271 | D:13     | Found Rikodd's Book Emporium.
  9275 | D:13     | Noticed a two-headed ogre
  9285 | D:13     | Killed a two-headed ogre
  9440 | D:13     | Noticed Snorg
  9451 | D:13     | Killed Snorg
  9497 | D:13     | Noticed a boulder beetle
  9524 | D:13     | Killed a boulder beetle
  9708 | D:14     | Noticed a boulder beetle
  9739 | D:13     | Killed a boulder beetle
  9740 | D:13     | Reached skill level 14 in Long Blades
  9842 | D:14     | Noticed Jorgrun
  9863 | D:14     | Killed Jorgrun
 10171 | D:14     | Identified the +7 chain mail of Grottiness {Fly rF+}
 10561 | D:14     | Noticed a centaur warrior
 10567 | D:14     | Killed a centaur warrior
 10572 | D:14     | Identified the +10 falchion "Dragon's Tongue" {heavy,
                  | rElec}
 10773 | D:14     | Noticed a tengu warrior
 10779 | D:14     | Killed a tengu warrior
 10788 | D:14     | Reached **** piety under Makhleb
 10985 | D:14     | Noticed a centaur warrior
 11380 | D:14     | Reached XP level 13. HP: 111/116 MP: 12/16
 11423 | D:15     | Entered Level 15 of the Dungeon
 11501 | D:15     | Got the Opusculum on the Changed Sun
 11592 | D:15     | Reached skill level 15 in Long Blades
 12387 | D:15     | Found a staircase to the Depths.
 12817 | D:15     | Found the ring of Shadows {Umbra +Inv Stlth+}
 12901 | D:15     | Reached skill level 10 in Dodging
 13220 | Lair:1   | Entered Level 1 of the Lair of Beasts
 13220 | Lair:1   | Noticed Amaemon
 13234 | D:10     | Killed Amaemon
 13551 | Lair:1   | Reached skill level 16 in Long Blades
 13735 | Lair:1   | Reached ***** piety under Makhleb
 14013 | Lair:1   | Reached XP level 14. HP: 90/127 MP: 11/18
 14440 | Lair:2   | Noticed Harold
 14449 | Lair:2   | Killed Harold
 15439 | Lair:3   | Identified the +10 dagger of Dissent {freeze, *Slow +Blink
                  | Will+ Dex+3}
 15666 | Lair:3   | Found a staircase to the Snake Pit.
 15721 | Lair:3   | You are sucked into a shaft and drop 1 floor!
 15725 | Lair:4   | Reached ****** piety under Makhleb
 15756 | Lair:4   | Reached skill level 17 in Long Blades
 16053 | Lair:3   | Found a staircase to the Shoals.
 17156 | Lair:5   | Entered Level 5 of the Lair of Beasts
 17211 | Lair:5   | Reached XP level 15. HP: 136/136 MP: 20/20
 17387 | Lair:5   | Found a viscous altar of Jiyva.
 17395 | Lair:5   | Found a staircase to the Slime Pits.
 18050 | Lair:5   | Reached skill level 18 in Long Blades
 18153 | Lair:5   | Identified the +6 trident "Biakuip" {spect, rF++ Str+6
                  | Int-3}
 18158 | Lair:5   | Got the Thoughts on Subspace and the Tektite
 18297 | Orc:1    | Entered Level 1 of the Orcish Mines
 18468 | Orc:1    | Found Qexeleth's Weapon Shop.
 18725 | Orc:2    | Entered Level 2 of the Orcish Mines
 18774 | Orc:2    | Found a roughly hewn altar of Beogh.
 18781 | Orc:2    | Reached skill level 1 in Polearms
 18892 | Orc:2    | Found Guacuebone's Antique Armour Emporium.
 18909 | Orc:2    | Bought a kite shield for 126 gold pieces
 18928 | Orc:2    | Found Tudaj's Antique Armour Shoppe.
 19694 | Orc:2    | Identified the ring "Qicis" {Fire +Blink rElec Int+3
                  | Stlth-}
 19765 | Orc:2    | Found a staircase to the Elven Halls.
 19903 | Orc:2    | Found Ostreom's Magic Scroll Boutique.
 20150 | Orc:2    | Bought a scroll of identify for 34 gold pieces
 20150 | Orc:2    | Bought a scroll of teleportation for 51 gold pieces
 20150 | Orc:2    | Bought a scroll of identify for 34 gold pieces
 20172 | Orc:2    | Found Olowkatz's Book Shoppe.
 20191 | Orc:2    | Gained mutation: You occasionally lose the ability to drink
                  | potions when taking damage. [a neqoxec]
 20194 | Orc:2    | Gained mutation: You are occasionally teleported next to
                  | monsters. [a neqoxec]
 20446 | Orc:2    | Found a roughly hewn altar of Beogh.
 20971 | Orc:2    | Lost mutation: You occasionally lose the ability to drink
                  | potions when taking damage. [potion of mutation]
 20971 | Orc:2    | Lost mutation: You are occasionally teleported next to
                  | monsters. [potion of mutation]
 20971 | Orc:2    | Gained mutation: You are robust. (+10% HP) [potion of
                  | mutation]
 20971 | Orc:2    | Gained mutation: You have very sharp teeth. [potion of
                  | mutation]
 20971 | Orc:2    | Gained mutation: You have a pair of large horns on your
                  | head. [potion of mutation]
 21114 | Depths:1 | Entered Level 1 of the Depths
 21379 | Depths:1 | Found Dat Ufaa's Armour Emporium.
 21415 | Depths:1 | Reached XP level 16. HP: 133/160 MP: 15/22
 21571 | Depths:1 | Found Gooq's Armour Emporium.
 21672 | Depths:1 | Reached skill level 19 in Long Blades
 21689 | Depths:1 | Reached skill level 10 in Invocations
 22263 | Depths:1 | Paralysed by something for 5 turns
 22274 | Depths:1 | HP: 4/241 [something (23)]
 22275 | Depths:1 | Mangled by a vampire knight

Illustrated notes

Levels and vault maps discovered:
D:1:      dpeg_arrival_rooms_a, layout_loops_cross, serial_shops, shop,
          serial_glass, glass_columns_b, glass_columns_b,
          basic_ecumenical_altar, chequers_serial_rivers_room_a, minmay_domino_4
D:2:      layout_loops_ring, uniq_terence
D:3:      layout_rooms
D:4:      layout_loops_cross, columned_hall_lemuel
D:5:      layout_rooms, gammafunk_ghost_mausoleum
D:6:      layout_rooms, pdpol_wu_jian_five_deadly_venoms, old_standard_altar,
          kennysheep_small_circle, uniq_eustachio
D:7:      corexii_shack_village, layout_gridville, minmay_temple_entry_waves,
          uniq_maurice
D:8:      layout_basic, serial_shops, shop, gammafunk_ghost_nasty_kobolds,
          chequers_serial_rivers_small_a
D:9:      layout_loops_ring, nicolae_qazlal_scattered_showers, st_stairs_1,
          chequers_serial_rivers_large_a, corner_web_ring, uniq_erolcha
D:10:     layout_roguey, minmay_lair_entry_grove
D:11:     layout_cave_pools
D:12:     layout_basic, orc_0_dummy
D:13:     layout_roguey, david_vaults_2, serial_shops, shop, uniq_frances,
          uniq_snorg
D:14:     layout_irregular_city, chequers_serial_rivers_room_b, uniq_jorgrun
D:15:     gammafunk_depths_entry_grave, layout_loops_cross,
          reono_crystal_passage, minmay_hollow_rounded_squares
Temple:   nicolae_temple_bog_church
Lair:1:   layout_gridlike, uniq_amaemon
Lair:2:   layout_loops_ring, uniq_harold
Lair:3:   layout_hall_layers, minmay_shoals_entry_hut,
          alex1729_snake_entry_snake, serial_bayou_lagoon_a, beast_lair_carwin_4
Lair:4:   cheibrodos_lair_overgrown_chateau, layout_regular_city,
          serial_bayou_pond_e, lemuel_fruit_fields, lemuel_fruit_fields
Lair:5:   gammafunk_lair_ancient_temple, layout_regular_city,
          dpeg_slime_entry_corner, minmay_stone_trees_small
Orc:1:    layout_caves, serial_shops, shop
Orc:2:    pubby_orc_utopia
Depths:1: layout_gridlike, enter_ziggurat_c, lightli_too_deep, hex_tiny,
          drop_trap, serial_sigils_hangedman_shear, kennysheep_minor_cross,
          elyvilon_altar_3, minmay_shop_star, serial_bayou_shore_b

Skill      XL: |  1  2  3  4  5  6  7  8  9 10 11 12 13 14 15 16 |
---------------+-------------------------------------------------+-----
Long Blades    | 3 4 5 7 8 10 11 13 14 16 17 18 19 | 19.1
Dodging        | 1 2 3 4 6 7 8 9 10 11 12 | 12.5
Fighting       | 4 5 6 8 9 10 11 12 13 14 | 14.4
Armour         | 4 5 6 7 9 10 11 12 13 14 | 14.4
Shields        | 4 5 6 7 8 10 11 12 13 14 | 14.1
Invocations    | 3 4 6 7 8 9 10 | 10.0
Polearms       | 3 4 |  4.8

Action                     |  1- 3 |  4- 6 |  7- 9 | 10-12 | 13-15 | 16-18 || total
---------------------------+-------+-------+-------+-------+-------+-------++-------
  Melee: Long sword        |    77 |    21 |       |       |       |       ||    98
         Headbutt          |    11 |     5 |    37 |   171 |   413 |    33 ||   670
         Falchion          |       |    48 |   220 |   570 |  1417 |   104 ||  2359
         Dagger            |       |       |       |       |    14 |       ||    14
         Bite              |       |       |       |       |     8 |    24 ||    32
  Evoke: Wand              |       |       |       |     4 |       |       ||     4
         Lightning rod     |       |       |       |       |       |     4 ||     4
    Use: Scroll            |       |     6 |     9 |    15 |     1 |       ||    31
         Potion            |       |       |       |     4 |     4 |     3 ||    11
   Stab: Invisible         |       |       |       |     3 |       |       ||     3
 Armour: Scale mail        |    59 |    17 |       |       |       |       ||    76
         Plate armour      |       |    44 |   209 |   285 |       |       ||   538
         Chain mail        |       |       |       |   128 |  1119 |    88 ||  1335
  Dodge: Dodged            |    52 |    35 |    76 |   200 |   776 |    34 ||  1173
  Block: Buckler           |    18 |    15 |    61 |   155 |   335 |       ||   584
         Kite shield       |       |       |       |       |   329 |    31 ||   360

Table legend: (Time is in decaauts)
 A = Elapsed time spent in this place.
 B = Non-inter-level travel time spent in this place.
 C = Inter-level travel time spent in this place.
 D = Time resting spent in this place.
 E = Time spent auto-exploring this place.
 F = Levels seen in this place.
 G = Mean time per level.
                   A        B        C        D        E       F      G
               +--------+--------+--------+--------+--------+-----+--------+
         Total |  21839 |  20778 |   1061 |   4999 |  11192 |  24 |  910.0 |
       Dungeon |  13399 |  12625 |    774 |   3252 |   6767 |  15 |  893.3 |
        Temple |     16 |      2 |     14 |      0 |      0 |   1 |   16.0 |
          Lair |   4788 |   4578 |    210 |    342 |   3177 |   5 |  957.6 |
  Orcish Mines |   2714 |   2653 |     61 |    902 |   1086 |   2 | 1357.0 |
        Depths |    921 |    921 |      0 |    502 |    162 |   1 |  921.0 |
               +--------+--------+--------+--------+--------+-----+--------+

Top non-repeatable levels by time:
   Orc:2: 2007 daAuts
    D:15: 1922 daAuts
    D:13: 1549 daAuts
     D:9: 1300 daAuts
    D:14: 1121 daAuts
  Lair:1: 1111 daAuts
  Lair:4: 1094 daAuts
  Lair:5: 1018 daAuts
Depths:1: 921 daAuts
     D:4: 919 daAuts
  Lair:3: 817 daAuts
     D:7: 780 daAuts
     D:2: 768 daAuts
    D:11: 750 daAuts
  Lair:2: 746 daAuts
